 Dungeon Crawl Stone Soup version 0.31-a0-175-g9f7f995f2b (webtiles) character file.

Game seed: 10859148442968313146

23 qw the Shooter (level 2, -1/17 HPs)
             Began as a Gargoyle Hunter on June 17, 2023.
             Slain by a gnoll
             ... wielding a +0 spear
              (2 damage)
             ... on level 2 of the Dungeon.
             The game lasted 00:00:19 (994 turns).

qw the Shooter (Gargoyle Hunter)                     Turns: 994, Time: 00:00:19

Health: -1/17      AC:  7    Str: 14    XL:     2   Next: 95%
Magic:  2/2        EV: 10    Int:  9    God:
Gold:   105        SH:  0    Dex: 13    Spells: 1/1 levels left

rFire   . . .        Y - +0 shortbow
rCold   . . .        (shield currently unavailable)
rNeg    + . .        d - +0 ring mail
rPois   inf          (no helmet)
rElec   +            (no cloak)
rCorr   .            (no gloves)
SInv    .            (no boots)
Will    .....        (no amulet)
Stlth   +            (no ring)
HPRegen 0.22/turn    (no ring)
MPRegen 0.08/turn

%: no passive effects
@: no status effects
A: sickness immunity, AC +2, negative energy resistance 1, electricity
resistance, torment resistance 1, petrification resistance
a: no special abilities


You were on level 2 of the Dungeon.
You visited 1 branch of the dungeon, and saw 2 of its levels.

You collected 105 gold pieces.


Innate Abilities, Weirdness & Mutations

You are immune to sickness and miasma.
Your stone body is resilient. (AC +2)
You are immune to poison.
You resist negative energy. (rN+)
You are resistant to electric shocks. (rElec)
You are resistant to unholy torment.
You are immune to petrification.


   Skills:
 - Level 2.1 Fighting
 - Level 4.7 Ranged Weapons
 + Level 0.8 Armour
 - Level 1.5 Dodging
 - Level 1.1 Stealth


You had one spell level left.
You didn't know any spells.
Your spell library was empty.

Inventory:

Hand Weapons
 Y - a +0 shortbow (weapon)
Armour
 d - a +0 ring mail (worn)
Jewellery
 f - a ring of fire
Scrolls
 a - a scroll of identify
 b - a scroll of enchant armour
Potions
 e - a potion of curing {unknown}
 j - a potion of brilliance {unknown}

Dungeon Overview and Level Annotations

Branches:
Dungeon (2/15)

Altars:

Shops:
D:1 =

Annotations:
D:2 1 runed translucent door, Crazy Yiuf


Message History

982 ||| Stepping ~*~*~tactically~*~*~ (outnumbered).
You shoot an arrow.
The arrow hits the gnoll but does no damage.
The gnoll barely misses you.
You shoot an arrow.
The arrow hits the gnoll but does no damage.
The gnoll hits you from afar with a +0 spear. x2
You shoot an arrow. The arrow hits the gnoll.
The gnoll is moderately wounded.
The gnoll barely misses you.
You shoot an arrow. The arrow barely misses the gnoll.
The gnoll hits you from afar with a +0 spear.
You shoot an arrow.
The arrow hits the gnoll but does no damage.
The gnoll is moderately wounded.
An adder comes into view.
The gnoll hits you but does no damage. x2
You shoot an arrow. The arrow barely misses the adder.
The adder bites you but does no damage. The gnoll barely misses you.
The adder barely misses you.
You shoot an arrow. The arrow misses the adder.
You hear a shout!
The adder bites you but does no damage. The gnoll hits you but does no damage.
You shoot an arrow. The arrow barely misses the adder.
The adder barely misses you. The gnoll hits you but does no damage.
The adder bites you.
You shoot an arrow. The arrow barely misses the adder.
The adder closely misses you. The gnoll hits you but does no damage.
The adder barely misses you. The gnoll barely misses you.
You shoot an arrow. The arrow barely misses the adder.
The adder barely misses you. The gnoll closely misses you.
You shoot an arrow. The arrow closely misses the adder.
The adder bites you but does no damage. The gnoll barely misses you.
The adder completely misses you.
You shoot an arrow.
The arrow hits the adder but does no damage.
The adder bites you. The gnoll hits you but does no damage.
The adder closely misses you.
The gnoll hits you from afar with a +0 spear.
You die...

### ..# # #.#
...#.#####.#
####
...gg.g.##.#
#.. #.##.# #.#
#.##@##.###.###
##
#.gS..........#
.
#######.###.#.#
.# #.# #.#.##.#
#.# #......#
#.# ###..###
... #..# ####
... ###..##....
... #..........


You could see 2 gnolls and an adder.

Vanquished Creatures
  3 endoplasms
  A giant cockroach (D:1)
  A goblin (D:1)
  3 hobgoblins
  A ball python (D:1)
  2 bats
  2 frilled lizards (D:1)
  6 kobolds
  3 rats (D:1)
22 creatures vanquished.

Notes
Turn   | Place    | Note
-------+----------+-------------------------------------------
     0 | D:1      | qw the Gargoyle Hunter began the quest for the Orb.
     0 | D:1      | Reached XP level 1. HP: 12/12 MP: 1/1
     0 | D:1      | 0 ||| qw: Version: 0.3-a-2-g5ab2908
     0 | D:1      | 0 ||| qw: Game counter: 309
     0 | D:1      | 0 ||| qw: Always use a shield: true
     0 | D:1      | 0 ||| qw: God list: Okawaru
     0 | D:1      | 0 ||| qw: Allow faded altars: false
     0 | D:1      | 0 ||| qw: Do Orc after D:15 true
     0 | D:1      | 0 ||| qw: Do second Lair branch before Depths: true
     0 | D:1      | 0 ||| qw: Lair rune preference: random
     0 | D:1      | 0 ||| qw: Plans: Normal, Zot:1-4, Slime:5, God:TSO, Crypt,
                  | Tomb, Abyss, Pan, Hells, Win
     0 | D:1      | 0 ||| PLANNING D:1-11
   122 | D:1      | Reached XP level 2. HP: 17/17 MP: 2/2
   305 | D:1      | Found Bamexo's Jewellery Shop.
   312 | D:1      | 312 ||| SHOPLISTING +5 ring of evasion (360 gold, have 70).
   312 | D:1      | 312 ||| SHOPLISTING amulet of regeneration (300 gold, have
                  | 70).
   312 | D:1      | 312 ||| SHOPLISTING ring of Okawaru's Respect {Fire rPois
                  | rN+ Str+3 Stlth+} (495 gold, have 70).
   312 | D:1      | 312 ||| SHOPLISTING ring of fire (250 gold, have 70).
   312 | D:1      | 312 ||| SHOPLISTING ring of resist corrosion (200 gold,
                  | have 70).
   312 | D:1      | 312 ||| SHOPLISTING ring of willpower (250 gold, have 70).
   725 | D:1      | 725 ||| UPGRADING to +0 ring mail.
   735 | D:1      | 735 ||| DROPPING +0 leather armour.
   736 | D:1      | 736 ||| READING 2 scrolls labelled FECIHIASE.
   737 | D:1      | 737 ||| READING scroll labelled XUATAO OCEIC.
   741 | D:1      | 741 ||| READING scroll labelled AMUVVU EKAO.
   742 | D:1      | 742 ||| READING scroll labelled COMOCKUNLU.
   743 | D:1      | 743 ||| DROPPING scroll of butterflies.
   791 | D:2      | Found a runed translucent door.
   792 | D:2      | Noticed Crazy Yiuf
   982 | D:2      | 982 ||| Stepping ~*~*~tactically~*~*~ (outnumbered).
   986 | D:2      | HP: 4/17 [gnoll/+0 spear (3)]
   994 | D:2      | HP: 1/17 [adder (2)]
   994 | D:2      | Slain by a gnoll

Levels and vault maps discovered:
D:1:      erik_arrival_triangle_small, layout_basic, serial_shops, shop_statue
D:2:      layout_loops_cross, serial_shops, shop, uniq_crazy_yiuf_cottage

Action                     || total
---------------------------++-------
   Fire: Shortbow          ||    64
    Use: Scroll            ||     4
 Armour: Leather armour    ||     3
         Ring mail         ||    11
  Dodge: Dodged            ||    20

Table legend:
 A = Non-vault XP
 B = Vault XP
 C = Vault XP percentage of total XP
 D = Non-vault monster count
 E = Vault monster count
 F = Vault count percentage of total count
                 A         B        C        D         E       F
            +---------+---------+-------+---------+---------+-------
      Total |      33 |       0 |   0.0 |      22 |       0 |   0.0
            +---------+---------+-------+---------+---------+-------
        D:1 |      26 |       0 |   0.0 |      18 |       0 |   0.0
        D:2 |       7 |       0 |   0.0 |       4 |       0 |   0.0
            +---------+---------+-------+---------+---------+-------
